 Dungeon Crawl Stone Soup version 0.22.1-5-g62c59d919a (webtiles) character file.

401 Riddle the Charmwright (level 6, -5/55 HPs)
             Began as a Troll Skald on Jan 15, 2019.
             Slain by a crocodile (11 damage)
             ... in a sewer.
             The game lasted 00:06:00 (2990 turns).

Riddle the Charmwright (Troll Skald)                Turns: 2990, Time: 00:06:00

Health: -5/55      AC:  5    Str: 20    XL:     6   Next: 54%
Magic:  4/9        EV: 10    Int:  9    God:
Gold:   175        SH:  0    Dex: 11    Spells: 6/10 levels left

rFire    . . .     SeeInvis .     - Unarmed
rCold    . . .     Gourm    +   (no shield)
rNeg     . . .     Faith    .   a - +0 robe
rPois    .         Spirit   .   (helmet restricted)
rElec    .         Reflect  .   (no cloak)
rCorr    .         Harm     .   (gloves unavailable)
MR       +....                  (boots unavailable)
Stlth    +.........             (no amulet)
HPRegen  0.58/turn              g - ring of protection from magic
MPRegen  0.11/turn              (no ring)

@: infused
A: large, unfitting armour, claws 3, fast metabolism 3, gourmand, regeneration
1, shaggy fur 1, tough skin 2
a: no special abilities


You were in a sewer.
You were completely stuffed.

You visited 1 branch of the dungeon, and saw 4 of its levels.
You also visited: Sewer.

You collected 175 gold pieces.

Inventory:

Armour
 a - a +0 robe (worn)
Jewellery
 g - a ring of protection from magic (left claw)
Scrolls
 b - 11 scrolls of identify
 e - 2 scrolls of remove curse
 i - a scroll of fog
 m - 2 scrolls of fear
Potions
 d - a potion of haste {unknown}
 f - a potion of lignification {unknown}
 h - a potion of resistance {unknown}
 j - a potion of brilliance {unknown}
 k - a potion of cancellation {unknown}
 n - a potion of magic {unknown}
 o - a potion of heal wounds {unknown}
 p - a potion of berserk rage {unknown}
 q - a potion of curing {unknown}
Comestibles
 c - 6 rations
 l - a chunk of flesh


   Skills:
 - Level 1.5 Fighting
 - Level 1.9 Dodging
 - Level 2.0 Unarmed Combat
 + Level 2.8 Spellcasting
 + Level 3.4 Charms
 + Level 2.6 Necromancy


You had 6 spell levels left.
You knew the following spells:

 Your Spells              Type           Power        Failure   Level  Hunger
a - Infusion              Chrm           #...         8%          1    ##.....
b - Regeneration          Chrm/Necr      #.........   26%         3    ####...

Your spell library contained the following spells:

 Spells                   Type           Power        Failure   Level  Hunger
 Song of Slaying          Chrm           #.......     12%         2    ###....
 Shroud of Golubria       Chrm/Tloc      #.........   22%         2    ###....
 Spectral Weapon          Hex/Chrm       #.......     41%         3    ####...


Dungeon Overview and Level Annotations

Branches:
Dungeon (4/15)
 Temple: D:4-7

Altars:
Qazlal
Sif Muna
Vehumet


Innate Abilities, Weirdness & Mutations

You are too large for most types of armour.
You have claws for hands.
Your metabolism is lightning-fast.
You like to eat raw meat.
Your natural rate of healing is unusually fast.
You are covered in fur. (AC +1)
You have very tough skin. (AC +2)


Message History

* * * LOW HITPOINT WARNING * * *
You scratch the crocodile.
The crocodile is moderately wounded.
The crocodile misses you.
You claw the crocodile!
The crocodile is heavily wounded.
The crocodile bites you!
* * * LOW HITPOINT WARNING * * *
Okay, then.
You scratch the crocodile.
The crocodile is severely wounded.
The crocodile barely misses you.
Some of the chunks of flesh in your inventory have rotted away.
You scratch the crocodile.
The crocodile is almost dead.
The crocodile closely misses you.
You barely miss the crocodile.
The crocodile is almost dead.
The crocodile bites you!
You die...

#..###..##
#... #...#
#..# ##.≈#
#.≈ #..#
#..# ##..#
#≈≈.#
##≈.##
#≈@.#
#.≈..t##
#..≈≈.#
##..≈##
#.≈. ≈#≈#
!$#. ## ##


You could see a crocodile.

Vanquished Creatures
  An orc priest (D:3)
  5 orc wizards
  Terence (D:2)
  4 gnolls
  8 adders
  5 worms
  3 dart slugs
  A leopard gecko (D:1)
  11 orcs
  4 ball pythons
  8 bats
  5 giant cockroaches
  9 goblins
  10 hobgoblins
  5 jackals
  4 frilled lizards
  13 kobolds
  12 rats
109 creatures vanquished.

Vanquished Creatures (others)
  A goblin (D:3)
1 creature vanquished.

Grand Total: 110 creatures vanquished

Notes
Turn   | Place    | Note
-------+----------+-------------------------------------------
     0 | D:1      | Riddle the Troll Skald began the quest for the Orb.
     0 | D:1      | Reached XP level 1. HP: 19/19 MP: 1/1
   302 | D:1      | Reached XP level 2. HP: 27/27 MP: 1/3
  1008 | D:2      | Reached XP level 3. HP: 30/33 MP: 4/4
  1022 | D:2      | Learned a level 3 spell: Regeneration
  1160 | D:2      | Reached XP level 4. HP: 30/41 MP: 2/6
  1214 | D:2      | Reached skill level 1 in Necromancy
  1301 | D:2      | Noticed Terence
  1320 | D:2      | Killed Terence
  1573 | D:2      | Reached XP level 5. HP: 47/48 MP: 7/7
  1884 | D:3      | Found a deep blue altar of Sif Muna.
  1952 | D:3      | Reached skill level 3 in Charms
  2096 | D:3      | Found a radiant altar of Vehumet.
  2384 | D:3      | Reached XP level 6. HP: 38/55 MP: 8/8
  2425 | D:3      | Found a stormy altar of Qazlal.
  2735 | D:4      | Found a glowing drain.
  2808 | Sewer    | Entered a sewer
  2990 | Sewer    | Slain by a crocodile

Skill      XL: |  1  2  3  4  5 |
---------------+----------------+-----
Spellcasting   | 2 |  2.8
Necromancy     | 1 2 |  2.6
Charms         | 3 |  3.4
Fighting       | |  1.5
Dodging        | |  1.9
Unarmed Combat | |  2.0

Action                   |  1- 3 |  4- 6 || total
-------------------------+-------+-------++-------
Melee: Unarmed           |    92 |   280 ||   372
       Punch             |       |     2 ||     2
 Cast: Infusion          |     2 |    13 ||    15
  Use: Scroll            |       |     7 ||     7
 Stab: Sleeping          |     1 |     1 ||     2
  Eat: Chunk             |     9 |    25 ||    34
Armor: Robe              |    36 |   105 ||   141
Dodge: Dodged            |    62 |   156 ||   218
